cohdb
Replays
Latest Replays
All Replays
Popular Replays
Top Player Replays
Match Explorer
How It Works
Community
CoH3 Stats
Reddit
Sign in to upload your games and track your stats! →
Sign in with Steam
Match 45322519
Unlisted
Match 45322519
Overview
Messages
Build Orders
End
Construct Infanterie Kompanie
Selects Mechanized Battlegroup
MG 42 Machine Gun Team
Sniper
MG 42 Machine Gun Team
Construct Luftwaffe Kompanie
Flak 30 Anti-aircraft Gun Team
Jäger Squad
Luftwaffe Officer Quarters
Support Elements
Jäger Squad
Construct Panzergrenadier Kompanie
251 Medium Carrier
Selects Raid Package
Selects 8 Rad Armored Car
8 Rad Armored Car
Jäger Squad
Selects Mobile Repair Stations
一杆大长枪
CUI
돈이사라지는마술
Beary bear
Tea Cup
Asa
Hentai Santa
.
0
0
Comments
sign in to comment!
No comments posted yet!